 Dungeon Crawl Stone Soup version 0.30.0-5-g1a98f26d00 (webtiles) character file.

Game seed: 3252211852695550732

423 jimonade the Chopper (level 6, 0/44 HPs)
             Began as an Octopode Monk on May 10, 2023.
             Was a Believer of Uskayaw.
             Slain by Grinder (2 damage)
             ... on level 5 of the Dungeon.
             The game lasted 00:08:39 (3892 turns).

jimonade the Chopper (Octopode Monk)                Turns: 3892, Time: 00:08:40

Health: 0/44       AC:  1    Str: 13    XL:     6   Next: 95%
Magic:  6/6        EV: 14    Int: 12    God:    Uskayaw [**....]
Gold:   307        SH:  5    Dex: 14    Spells: 5/5 levels left

rFire   . . .        a - +0 hand axe (freeze)
rCold   . . .        c - orb {light}
rNeg    . . .        (helmet restricted)
rPois   .            p - amulet of reflection
rElec   .            y - ring of see invisible
rCorr   .            (no ring)
SInv    +            (no ring)
Will    .....        (no ring)
Stlth   +            (no ring)
HPRegen 0.27/turn    (no ring)
MPRegen 0.10/turn    (no ring)
                     (no ring)

%: reflection
@: about to teleport, glowing
A: almost no armour, amphibious, 8 rings, camouflage 1, gelatinous body 1,
(nimble swimmer 1), tentacles
a: Renounce Religion, Stomp, Line Pass


You were on level 5 of the Dungeon.
You worshipped Uskayaw.
Uskayaw was noncommittal.
You visited 2 branches of the dungeon, and saw 6 of its levels.
You also visited: Sewer.

You collected 362 gold pieces.
You spent 55 gold pieces at shops.

Inventory:

Hand Weapons
 a - a +0 hand axe of freezing (weapon)
 d - a +3 short sword
Armour
 c - an orb of light (worn)
Jewellery
 p - an amulet of reflection (around mantle)
 w - an amulet of the acrobat
 y - a ring of see invisible (left tentacle)
Wands
 z - a wand of light (10)
Scrolls
 e - 2 scrolls of vulnerability
 f - 3 scrolls of enchant weapon
 h - 2 scrolls of blinking
 k - 3 scrolls of teleportation
 m - a scroll of noise
 o - a scroll of magic mapping
 q - a scroll of fear
 s - a scroll of fog {unknown}
 t - a scroll of brand weapon
 v - 2 scrolls of amnesia {unknown}
 B - a scroll of identify
Potions
 b - 2 potions of ambrosia
 g - 2 potions of degeneration {unknown}
 i - 2 potions of invisibility {unknown}
 j - 2 potions of berserk rage {unknown}
 l - 2 potions of lignification {unknown}
 n - 4 potions of curing {unknown}
 r - 2 potions of mutation {unknown}
 u - a potion of heal wounds {unknown}
 x - 2 potions of might {unknown}
 A - a potion of brilliance {unknown}


   Skills:
 + Level 4.3 Fighting
 + Level 5.6 Axes
 + Level 4.5 Dodging
 + Level 0.6 Shields
 * Level 1.2 Air Magic


You had 5 spell levels left.
You didn't know any spells.
Your spell library contained the following spells:

 Spells                   Type           Power      Damage    Failure   Level
 Shock                    Conj/Air       4%         1d3       26%         1
 Cigotuvi's Dreadful Rot  Necr/Pois/Air  0%         N/A       41%         2
 Lesser Beckoning         Tloc           0%         N/A       45%         2
 Swiftness                Air            2%         N/A       52%         3
 Gell's Gravitas          Tloc           0%         N/A       69%         3
 Ozocubu's Armour         Ice            0%         N/A       69%         3
 Spider Form              Tmut/Pois      0%         N/A       69%         3
 Teleport Other           Tloc           0%         N/A       69%         3
 Airstrike                Air            1%         2d(1-17)  90%         4
 Haunt                    Necr/Summ      0%         N/A       100%        7
 Ozocubu's Refrigeration  Ice            0%         4d7       100%        7


Dungeon Overview and Level Annotations

Branches:
Dungeon (5/15)             Temple (1/1) D:4           Sewer (visited)

Altars:
Ashenzari
Elyvilon
Hepliaklqana
Makhleb
Nemelex Xobeh
Okawaru
Ru
Sif Muna
Trog
Uskayaw
Wu Jian
Xom
Yredelemnul
The Shining One

Shops:
D:2 :?   D:4 (

Annotations:
D:5 Grinder


Innate Abilities, Weirdness & Mutations

You cannot wear most types of armour.
You are amphibious.
You can wear up to eight rings at the same time.
Your skin changes colour to match your surroundings (Stealth+).
Your rubbery body absorbs attacks. (AC +1, EV +1)
((You are camouflaged when in or above water. (Stealth+)))
You have tentacles for arms and can constrict up to eight enemies at once.


Message History

Found 12 gold pieces.
Grinder gestures at you.
You barely resist. Grinder gestures at you.
You suddenly lose the ability to move!
Grinder hits you!
You writhe in agony.
Grinder hits you.
You can move again.
You barely miss Grinder. Your grab misses Grinder.
Grinder says, "Mostly I couldn't keep them alive."
Grinder hits you!
You writhe in agony.
You slash Grinder! Your grab misses Grinder.
Grinder is lightly wounded.
Grinder hits you!
* * * LOW HITPOINT WARNING * * *
You writhe in agony.
* * * LOW HITPOINT WARNING * * *
You hit Grinder but do no damage. Your grab misses Grinder.
Grinder is lightly wounded.
Grinder misses you.
You hit Grinder. You grab Grinder. You squeeze Grinder, but do no damage.
Grinder is moderately wounded.
You constrict Grinder. Grinder hits you.
* * * LOW HITPOINT WARNING * * *
You writhe in agony.
* * * LOW HITPOINT WARNING * * *
You hit Grinder.
Grinder is moderately wounded.
You constrict Grinder. Grinder gestures at you.
You resist with significant effort.
You can now pass through a line of other dancers.
You hit Grinder but do no damage.
Grinder is heavily wounded.
You constrict Grinder.
Grinder blinks free!
As you read the scroll of teleportation, it crumbles to dust.
You feel strangely unstable. Grinder hits you.
* * * LOW HITPOINT WARNING * * *
You writhe in agony.
You die...

#.......... #......#....
#.....l.#####............
.....<..##.?#...#....... .
.........#......##.....##.
..#..............#.##....
####.......##.......#..# ...
#........#..........#..##..$
.........###...........#....
......#### #....@5........##
........# ##.#....##.......#
.......####..##.......##....
..........#......#.....# ..
#...†.......##..###.#..##
#...###......#..##..#...#
.....###....##..#.......#
...#####................##
#†...............##......##


You could see Grinder.

Vanquished Creatures
  2 bullfrogs (Sewer)
  A hound (D:5)
  An iguana (D:5)
  12 adders
  A river rat (Sewer)
  A shadow imp (D:4)
  A white imp (D:5)
  5 dart slugs
  8 orcs
  14 ball pythons
  8 bats
  5 endoplasms
  3 giant cockroaches (D:1)
  3 goblins
  2 hobgoblins (D:4)
  4 jackals (D:1)
  A quokka (D:3)
  5 frilled lizards
  8 kobolds
  30 rats
115 creatures vanquished.

Notes
Turn   | Place    | Note
-------+----------+-------------------------------------------
     0 | D:1      | jimonade the Octopode Monk began the quest for the Orb.
     0 | D:1      | Reached XP level 1. HP: 16/16 MP: 1/1
    50 | D:1      | Reached XP level 2. HP: 21/21 MP: 2/2
   360 | D:1      | Reached XP level 3. HP: 17/26 MP: 3/3
   724 | D:1      | Found a faded altar of an unknown god.
  1214 | D:2      | Found Kaor Jip's Vocational Training.
  1278 | D:2      | Found Wysch's Magic Scroll Shop.
  1287 | D:2      | Bought a scroll of identify for 22 gold pieces
  1287 | D:2      | Bought a scroll of teleportation for 33 gold pieces
  1506 | D:2      | Reached XP level 4. HP: 25/32 MP: 4/4
  1910 | D:3      | Found a glowing drain.
  1925 | Sewer    | Entered a sewer
  1963 | Sewer    | Reached skill level 4 in Axes
  2181 | Sewer    | Reached XP level 5. HP: 36/37 MP: 5/5
  2234 | Sewer    | Reached XP level 6. HP: 23/43 MP: 6/6
  2237 | Sewer    | Reached skill level 5 in Axes
  2388 | D:3      | Found a white marble altar of Elyvilon.
  2432 | D:3      | Got the Omnibus of Composition and Maleficent Spells
  2500 | D:3      | Found a broken altar of Ashenzari.
  3034 | D:4      | Found Ahips's Antique Weapon Emporium.
  3152 | D:4      | Found a staircase to the Ecumenical Temple.
  3304 | Temple   | Entered the Ecumenical Temple
  3372 | Temple   | Became a worshipper of Uskayaw the Reveller
  3372 | Temple   | Reached * piety under Uskayaw
  3541 | D:4      | Found a glowing golden altar of the Shining One.
  3653 | D:5      | Entered Level 5 of the Dungeon
  3674 | D:5      | Reached ** piety under Uskayaw
  3725 | D:5      | Reached skill level 1 in Air Magic
  3869 | D:5      | Noticed Grinder
  3882 | D:5      | Paralysed by Grinder for 3 turns
  3892 | D:5      | HP: 2/44 [Grinder (3)]
  3892 | D:5      | Slain by Grinder

Illustrated notes

Levels and vault maps discovered:
D:1:      erik_arrival_cave_to_civilisation [erik_arrival_cave_to_hall],
          layout_loops_ring, dilly_ecumenical_altar_fadedgnrine,
          minmay_gold_behind_fungi
D:2:      layout_basic, serial_curves, eino_curves_04, eino_curves_03,
          serial_shops, shop, nicolae_shop_vocational
D:3:      layout_rooms, cheibrodos_ashenzari_chains,
          mainiacjoe_overflow_tiny_flanked, portal_sewer_entry_b
D:4:      layout_loops_ring, nicolae_tso_carved_into_rock,
          minmay_temple_entry_drinking_statues, serial_shops,
          nicolae_shop_tiny_statue_garden
D:5:      layout_cave_pools, amethyst_overflow_temple_binary, uniq_menkaure,
          uniq_grinder
Temple:   jpeg_temple_clearing

Skill      XL: |  1  2  3  4  5  6 |
---------------+-------------------+-----
Axes           | 4 5 |  5.6
Dodging        | 4 |  4.5
Fighting       | 4 |  4.3
Air Magic      | 1 |  1.2
Shields        | |  0.6

Action                     |  1- 3 |  4- 6 || total
---------------------------+-------+-------++-------
  Melee: Hand axe          |    67 |   114 ||   181
         Tentacles         |    17 |    28 ||    45
         Constrict         |    19 |    40 ||    59
         Punch             |     3 |     2 ||     5
    Use: Scroll            |     3 |     7 ||    10
   Stab: Sleeping          |     3 |     3 ||     6
 Armour: Skin              |    10 |     7 ||    17
  Dodge: Dodged            |    53 |    78 ||   131
  Block: Orb               |       |    20 ||    20
